Cogmind - Beta 14 @@@ ROGUE MODE // 2024.09.03 @ 13:50:35 Player: CatgirlLyra Result: Destroyed by S-27 Virus with Autogun Performance ------------- Evolutions (4) 2000 Regions Visited (13) 2600 Robots Destroyed (200) 1000 Value Destroyed (7678) 7678 Prototype IDs (7) 140 Alien Tech Used (0) 0 Bonus (3238) 3238 TOTAL SCORE: 16656 Bonus ------- High Alert Combat Kills 618 Follower Combat Kills 20 Entered Garrisons 600 Used RIF Installer 2000 Cogmind --------- Core Integrity 0/850 Matter 269/300 Energy 100/100 System Corruption 3% Temperature Cool (0) Movement Core (50) Location -6/Factory Parts ------- > --- POWER (2) -------- (None) > --- PROPULSION (4) --- (None) > --- UTILITY (6) ------ (None) > --- WEAPON (3) ------- (None) > --- INVENTORY (5) ---- Improved Medium Treads Improved Medium Treads Huge Storage Unit Relay Coupler [NC] (29) High-powered Tractor Beam Peak State ------------ > --- POWER ------------ Light Angular Momentum Engine F-cell Engine > --- PROPULSION ------- Light Treads Light Treads Light Treads Light Treads > --- UTILITY ---------- Improved Heat Sink Advanced Heat Sink Huge Storage Unit Advanced Targeting Computer Improved Light Armor Plating Thermal Shield > --- WEAPON ----------- Heavy Laser Gatling Laser Force Rifle > --- INVENTORY -------- Reinforced Deuterium Engine F-cell Engine F-cell Engine Light Treads Medium Treads Improved Heat Sink High-capacity Battery High-capacity Matter Pod Quantum Capacitor Improved Light Armor Plating System Shield Relay Coupler [NC] Relay Coupler [NC] Relay Coupler [Grunt] Relay Coupler [Sentry] Relay Coupler [Specialist] Relay Coupler [Hunter] Particle Gun Particle Gun Force Rifle Heavy Ion Cannon Autogun Rocket Launcher Rocket Launcher [Rating: 57] Favorites ----------- Power Improved Ion Engine Engine Improved Ion Engine Power Core Light Nuclear Core Propulsion Light Treads Treads Light Treads Leg Aluminum Leg Wheel Armored Wheel Utility Huge Storage Unit Device Improved Heat Sink Storage Huge Storage Unit Processor Advanced Targeting Computer Hackware Hacking Suite Protection Improved Light Armor Plating Weapon Field Laser Energy Gun Field Laser Energy Cannon Advanced Beam Cannon Ballistic Gun Shotgun Launcher Rocket Launcher Build | -11 -10 -10 -9 -9 -9 -8 -8 -8 -8 -8 -7 -7 -6 ------- Run | Yrd Mat Min Mat Min Exi Min Mat Gar Mat Gar Fac Gar Fac Slots Evolved 8 | . . . 2 . . . 2 . . . 2 . 2 Power 1 | . . . . . . . . . . . . . 1 Propulsion 2 | . . . 1 . . . . . . . 1 . . Utility 4 | . . . 1 . . . 1 . . . 1 . 1 Weapon 1 | . . . . . . . 1 . . . . . . Parts Attached 163 | 6 10 2 28 4 . 11 5 14 4 10 14 30 25 Power 22 | 1 1 1 6 1 . 1 . 1 . 1 1 3 5 Engine 20 | 1 1 1 6 1 . 1 . 1 . 1 1 3 3 Core 2 | . . . . . . . . . . . . . 2 Reactor . | . . . . . . . . . . . . . . Propulsion 41 | 2 3 . 6 . . 3 1 5 2 2 2 12 3 Treads 31 | 2 . . 3 . . 3 1 5 2 2 2 8 3 Leg 4 | . . . . . . . . . . . . 4 . Wheel 6 | . 3 . 3 . . . . . . . . . . Hover . | . . . . . . . . . . . . . . Flight . | . . . . . . . . . . . . . . Utility 50 | 1 4 1 6 3 . 3 2 4 1 1 6 6 12 Device 16 | . 1 . 1 1 . 1 . 1 1 . 2 2 6 Storage 8 | 1 3 1 1 . . . . 1 . . . . 1 Processor 2 | . . . . . . . . . . . 1 . 1 Hackware 3 | . . . . . . . 1 1 . . 1 . . Protection 21 | . . . 4 2 . 2 1 1 . 1 2 4 4 Artifact . | . . . . . . . . . . . . . . Weapon 50 | 2 2 . 10 . . 4 2 4 1 6 5 9 5 Energy Gun 22 | 1 . . . . . 1 . 3 . 2 4 7 4 Energy Cannon 3 | . . . 2 . . 1 . . . . . . . Ballistic Gun 19 | 1 2 . 7 . . 1 2 1 1 2 . 1 1 Ballistic Cannon . | . . . . . . . . . . . . . . Launcher 6 | . . . 1 . . 1 . . . 2 1 1 . Special Weapon . | . . . . . . . . . . . . . . Impact Weapon . | . . . . . . . . . . . . . . Slashing Weapon . | . . . . . . . . . . . . . . Piercing Weapon . | . . . . . . . . . . . . . . Special Melee Weapon . | . . . . . . . . . . . . . . Unidentified Prototypes 4 | . . . 1 . . . . . . . 1 . 2 Parts Lost 64 | . 1 2 5 1 . 7 . 7 . 4 . 21 16 Power 7 | . . . . . . 1 . . . 1 . 3 2 Propulsion 24 | . 1 . 3 . . 3 . 2 . 2 . 7 6 Utility 19 | . . . 1 1 . 3 . 3 . 1 . 5 5 Weapon 14 | . . 2 1 . . . . 2 . . . 6 3 Highest Loss Streak 12 | . 1 2 4 1 . 4 . 3 . 3 . 12 7 To Critical Strikes . | . . . . . . . . . . . . . . Average Slot Usage (%) 95 | . 99 99 95 99 100 94 87 97 99 99 99 92 85 Engine 9 | . 14 14 11 10 11 11 9 9 9 9 7 6 8 Treads 19 | . 16 . 8 11 11 28 27 26 27 26 29 15 19 Leg 1 | . . . . . . . . . . . . 10 . Wheel 6 | . 10 28 21 22 22 3 . . . . . . . Device 10 | . 9 14 11 10 11 10 9 8 9 9 9 8 16 Storage 9 | . 17 14 12 11 11 11 9 9 9 9 7 7 5 Processor 2 | . . . . . . . . . . . 4 7 5 Hackware 3 | . . . . . . . 5 11 9 9 7 1 . Protection 7 | . . . 8 10 11 7 1 4 9 8 7 11 7 Energy Gun 10 | . 2 . . . . 4 . 5 18 18 15 17 16 Energy Cannon 2 | . . . . 22 22 13 9 5 . . . . . Ballistic Gun 9 | . 25 27 21 . . 3 18 15 8 8 7 1 . Peak Build Rating 57 | 6 14 14 21 21 21 21 27 29 29 29 39 41 57 Average Rating 28 | 5 10 13 17 20 21 18 23 27 28 28 35 35 47 On Entrance 21 | . 6 14 10 21 21 21 19 27 29 29 27 39 41 Naked Turns 56 | . . . . . . . . . . . . . 56 Heaviest Build 172 | 14 32 92 172 102 102 102 102 102 100 101 107 108 130 Greatest Support 80 | 40 40 24 36 24 24 60 60 60 60 60 80 80 80 Greatest Overweight (x) 39 | 4 1 3 8 4 4 8 1 1 1 1 1 10 39 Average Overweight (x) 1 | . . 2 4 4 4 1 1 1 1 1 1 1 1 Largest Inventory Capacity 25 | 8 15 25 25 25 25 25 25 25 25 25 25 25 25 Average Capacity 23 | 7 12 23 25 25 25 25 25 25 25 25 25 25 23 Most Carried 25 | 6 14 18 25 25 25 25 25 25 25 25 25 25 25 Average Carried 21 | 4 9 15 21 24 24 21 20 23 24 24 24 22 22 Final Capacity 25 | 8 15 25 25 25 25 25 25 25 25 25 25 25 5 Final Carried 25 | 6 14 17 25 25 25 20 25 25 25 23 25 25 5 Class Distribution -------------------- 34% | Mutant 33% | Scavenger-Tank 12% | Scavenger-Mutant 9% | Gunner 8% | Scavenger-Gunner Dominant Class ---------------- Mutant | -10/Materials Mutant | -10/Mines Mutant | -9/Materials Mutant | -9/Mines Mutant | -9/Exiles Scavenger-Mutant | -8/Mines Scavenger-Gunner | -8/Materials Scavenger-Tank | -8/Garrison Scavenger-Tank | -8/Materials Scavenger-Tank | -8/Garrison Gunner | -7/Factory Scavenger-Mutant | -7/Garrison Scavenger-Tank | -6/Factory Resources | -11 -10 -10 -9 -9 -9 -8 -8 -8 -8 -8 -7 -7 -6 ----------- Run | Yrd Mat Min Mat Min Exi Min Mat Gar Mat Gar Fac Gar Fac Matter Collected 3548 | 293 511 191 617 163 . 159 139 310 174 158 239 341 253 Remotely . | . . . . . . . . . . . . . . Salvage Created 7837 | 137 720 144 1183 483 . 287 332 244 570 381 511 1151 1694 Parts 395 | 7 45 13 81 35 . 10 21 14 26 22 36 39 46 Haulers Intercepted 8 | . 2 . 3 . . . . . 2 . . . 1 Recyclers Shooed 5 | . . . 2 . . . . . . . . . 3 Parts Field Recycled . | . . . . . . . . . . . . . . Retrieved Matter . | . . . . . . . . . . . . . . Parts Self-Destructed . | . . . . . . . . . . . . . . Prevented . | . . . . . . . . . . . . . . Kills | -11 -10 -10 -9 -9 -9 -8 -8 -8 -8 -8 -7 -7 -6 ------- Run | Yrd Mat Min Mat Min Exi Min Mat Gar Mat Gar Fac Gar Fac Combat Hostiles Destroyed 159 | . 16 5 25 12 . 9 6 3 7 13 14 27 22 Melee 1 | . . . . . . . . . . . . . 1 Guns 121 | . 16 5 22 . . 3 5 3 7 9 10 25 16 Cannons 17 | . . . . 12 . 4 1 . . . . . . AOE 12 | . . . 3 . . 1 . . . 4 4 . . Classes Destroyed 14 | 3 4 . 3 1 . 1 1 . . . 1 . . Worker 10 | 2 4 . . . . . . . . . 1 . 3 Builder 2 | . . . 1 . . . . . . . 1 . . Tunneler 3 | 2 . 1 . . . . . . . . . . . Hauler 8 | . 2 . 3 . . . . . 2 . . . 1 Recycler 9 | 1 . . 3 1 . . . . 1 . . . 3 Operator 2 | . . . . . . . 2 . . . . . . Watcher 7 | . 1 . 3 . . . . . 2 . 1 . . Swarmer 46 | . 3 3 7 4 . 3 . . 2 7 7 10 . Grunt 81 | . 13 2 10 7 . 4 4 . 3 4 5 13 16 Brawler 4 | . . . . 1 . . . . . 1 1 1 . Duelist 3 | . . . 1 . . 1 . . . . . . 1 Sentry 19 | . . . 7 . . . 2 3 2 1 . 3 1 Hunter 2 | . . . . . . 1 . . . . . . 1 Programmer 4 | . . . . . . . . . . . 1 . 3 Best Kill Streak 8 | 3 5 3 7 4 . 3 4 1 3 6 5 8 6 Combat Bots Only 11 | . 4 3 4 4 . 3 3 1 3 6 4 11 4 Max Kills in Single Turn 3 | 1 2 1 2 1 . 1 1 1 1 1 3 1 1 Gunslinging 1 | . . . . . . . . . . . 1 . . Exploded 3 | . . . 2 . . 1 . . . 1 3 . . Melee 1 | . . . . . . . . . . . . . 1 Uniques/NPCs Destroyed . | . . . . . . . . . . . . . . Combat | -11 -10 -10 -9 -9 -9 -8 -8 -8 -8 -8 -7 -7 -6 -------- Run | Yrd Mat Min Mat Min Exi Min Mat Gar Mat Gar Fac Gar Fac Hostile Shots Fired 1133 | . 63 25 116 51 . 70 23 33 18 61 37 339 297 Missed 311 | . 18 3 37 10 . 18 5 5 3 18 11 95 88 Damage Taken 11514 | . 543 445 944 392 . 845 259 579 204 656 395 2960 3292 Core 1812 | . 62 112 156 64 . 57 58 44 29 50 29 297 854 Absorbed by Shields 174 | . . . . . . . . . . . . 174 . Redirected to Shielding 9 | . . . 9 . . . . . . . . . . Ignored by Resistances 199 | . . . . . . . . . . . . . 199 Regen/Repaired (Parts) 314 | . 41 . 53 . . . . . 85 . 135 . . Core Remaining (%) 56 | 100 . 30 . . . 30 . . . 67 . 53 . Volleys Fired 497 | 17 58 12 78 28 . 36 17 25 20 31 20 68 87 Largest 3 | 2 2 2 2 2 . 2 3 3 3 3 3 3 3 Hottest 229 | 70 70 46 136 136 . 136 121 151 151 151 168 210 229 Shots Fired 1153 | 34 116 24 153 56 . 71 51 74 60 85 54 159 216 Gun 1002 | 34 116 24 146 . . 19 34 62 60 82 51 158 216 Cannon 139 | . . . 4 56 . 50 17 12 . . . . . Launcher 12 | . . . 3 . . 2 . . . 3 3 1 . Special . | . . . . . . . . . . . . . . Kinetic 469 | 17 105 24 146 . . 10 34 48 20 28 17 18 2 Thermal 638 | 17 11 . 4 56 . 59 17 26 40 40 14 140 214 Explosive 12 | . . . 3 . . 2 . . . 3 3 1 . Electromagnetic 34 | . . . . . . . . . . 14 20 . . Robot Hit Streak 37 | 6 14 6 9 8 . 10 8 13 17 10 6 13 37 Robot Miss Streak 7 | 2 4 3 6 7 . 4 3 2 2 5 3 4 4 Penetration Max . | . . . . . . . . . . . . . . Secondary Targets 22 | . 2 1 1 . . . . . 2 1 1 10 4 Max Gunslinging Chain 1 | . 1 1 1 . . . . . 1 1 1 1 1 Shots Hit Robots 766 | 15 83 19 109 28 . 46 33 30 37 39 32 116 179 Core Hits 395 | 5 44 10 60 16 . 15 13 8 19 18 30 55 102 Critical Kills 2 | . . . 1 . . 1 . . . . . . . Critical Parts Destroyed 4 | . . . . . . 2 . . . . . . 2 Critical Strikes 24 | . 1 . 1 . . 3 . 1 3 . . 7 8 Burn 18 | . 1 . . . . . . 1 3 . . 7 6 Meltdown 1 | . . . . . . 1 . . . . . . . Destroy 5 | . . . 1 . . 2 . . . . . . 2 Melee Attacks . | . . . . . . . . . . . . . . Impact . | . . . . . . . . . . . . . . Slashing . | . . . . . . . . . . . . . . Piercing . | . . . . . . . . . . . . . . Sneak Attacks . | . . . . . . . . . . . . . . Combat Hostiles . | . . . . . . . . . . . . . . Follow-up Attacks . | . . . . . . . . . . . . . . Damage Inflicted 15493 | 215 1276 273 1781 592 . 1131 620 583 698 918 1013 2303 4090 Guns 12608 | 215 1264 273 1432 . . 270 409 516 698 645 538 2303 4045 Cannons 1547 | . . . 40 592 . 637 211 67 . . . . . Explosions 1264 | . . . 309 . . 207 . . . 273 475 . . Melee . | . . . . . . . . . . . . . . Ramming 74 | . 12 . . . . 17 . . . . . . 45 Kinetic 4763 | 103 1124 273 1432 . . 148 409 359 237 215 139 297 27 Thermal 9412 | 112 140 . 40 592 . 759 211 224 461 451 398 2006 4018 Explosive 976 | . . . 309 . . 207 . . . 154 306 . . Electromagnetic 268 | . . . . . . . . . . 98 170 . . Impact . | . . . . . . . . . . . . . . Slashing . | . . . . . . . . . . . . . . Piercing . | . . . . . . . . . . . . . . Highest Corruption 3 | . . . . . . . . . . . . . 3 Average Corruption 2 | . . . . . . . . . . . . . 2 Corruption Purged . | . . . . . . . . . . . . . . Corruption Blocked . | . . . . . . . . . . . . . . Effects 3 | . . . . . . . . . . . . . 3 Matter Fused 3 | . . . . . . . . . . . . . 3 Overload Shots . | . . . . . . . . . . . . . . Overflow Damage 56 | . . . . 1 . 6 . . . 48 1 . . Projectiles 7 | . . . . 1 . 6 . . . . . . . Explosions 49 | . . . . . . . . . . 48 1 . . Melee . | . . . . . . . . . . . . . . Knockbacks 1 | . . . . . . 1 . . . . . . . Impact 1 | . . . . . . 1 . . . . . . . Kinetic . | . . . . . . . . . . . . . . Secondary . | . . . . . . . . . . . . . . Self-Inflicted Damage 213 | . . . . . . 75 . . . 138 . . . Shots 4 | . . . . . . 2 . . . 2 . . . Rammed 16 | . 3 . . . . 4 . . . . . . 9 Targets Rammed 19 | . 3 . . . . 4 . . . . . . 12 Kicked . | . . . . . . . . . . . . . . Crushed 3 | . . . . . . . . . . . . . 3 Highest Temperature 541 | 54 93 22 156 264 . 385 60 48 287 269 114 344 541 Average Temperature 97 | 26 28 7 26 128 . 155 26 18 75 115 35 109 146 Received Heat Transfer 3667 | . 303 75 321 87 . 378 144 135 144 225 27 925 903 Effects 9 | . . . . . . 2 . . . . . 3 4 Shutdowns 2 | . . . . . . . . . . . . 1 1 Interference 2 | . . . . . . . . . . . . 2 . Matter Decay 2 | . . . . . . 1 . . . . . . 1 Short Circuit 3 | . . . . . . 1 . . . . . . 2 Siege Activations . | . . . . . . . . . . . . . . Robots Corrupted . | . . . . . . . . . . . . . . Combat Hostiles . | . . . . . . . . . . . . . . Parts Fried . | . . . . . . . . . . . . . . Impact Corruptions . | . . . . . . . . . . . . . . Robots Melted 9 | . . . . . . 1 . . . . . 2 6 Combat Hostiles 8 | . . . . . . 1 . . . . . 2 5 Parts Melted 46 | . . . . 2 . 2 . 1 2 . 1 13 25 Heat Transferred 19744 | 333 481 . 74 1036 . 1443 370 518 1184 679 660 4748 8218 Parts Sabotaged . | . . . . . . . . . . . . . . Parts Stolen . | . . . . . . . . . . . . . . Parts Stripped . | . . . . . . . . . . . . . . Power Chain Reactions 3 | . . . . . . . . . . 2 1 . . Alert | -11 -10 -10 -9 -9 -9 -8 -8 -8 -8 -8 -7 -7 -6 ------- Run | Yrd Mat Min Mat Min Exi Min Mat Gar Mat Gar Fac Gar Fac Peak Influence 904 | 25 300 171 518 436 . 259 268 461 333 686 451 904 585 Initial 474 | . 16 31 58 141 . . 22 174 224 79 359 177 474 Average 338 | 7 101 70 334 298 . 111 159 322 178 386 333 612 451 Maximum Alert Level 3 | . 1 . 2 2 . 1 1 2 1 2 2 3 2 Low Security (%) 26 | 100 95 100 11 16 . 79 65 3 78 17 . 8 . Level 1 38 | . 4 . 64 56 . 20 34 73 21 35 92 12 20 Level 2 30 | . . . 24 27 . . . 22 . 46 6 44 79 Level 3 4 | . . . . . . . . . . . . 35 . Level 4 . | . . . . . . . . . . . . . . Level 5 . | . . . . . . . . . . . . . . High Security . | . . . . . . . . . . . . . . Max Security . | . . . . . . . . . . . . . . Squads Dispatched 18 | . 3 . 3 . . . 2 . 2 . 2 . 6 Investigation 4 | . 2 . 1 . . . . . 1 . . . . Extermination 4 | . . . . . . . . . . . 1 . 3 Reinforcement 7 | . 1 . 2 . . . 1 . . . 1 . 2 Assault 1 | . . . . . . . . . . . . . 1 Garrison 2 | . . . . . . . 1 . 1 . . . . Intercept . | . . . . . . . . . . . . . . Searches Triggered . | . . . . . . . . . . . . . . Construction Impeded . | . . . . . . . . . . . . . . Haulers Reinforced 1 | . . . . . . . . . . . . . 1 Active Scanning Responses . | . . . . . . . . . . . . . . Cargo Convoy Interrupts . | . . . . . . . . . . . . . . Stealth | -11 -10 -10 -9 -9 -9 -8 -8 -8 -8 -8 -7 -7 -6 --------- Run | Yrd Mat Min Mat Min Exi Min Mat Gar Mat Gar Fac Gar Fac Distress Signals 10 | . 1 . 4 . . . 1 . . . 1 . 3 Communications Jammed . | . . . . . . . . . . . . . . Distress Signals . | . . . . . . . . . . . . . . Times Spotted 228 | . 28 7 32 15 . 12 8 10 11 13 16 29 47 Peak Tracking Total 10 | . 5 3 5 4 . 4 2 4 5 6 4 10 8 Tactical Retreats 18 | . 2 . . 2 . 3 . 1 . 2 . 4 4 Traps | -11 -10 -10 -9 -9 -9 -8 -8 -8 -8 -8 -7 -7 -6 ------- Run | Yrd Mat Min Mat Min Exi Min Mat Gar Mat Gar Fac Gar Fac Traps Triggered 17 | . 1 . 3 . . . . 3 1 4 . 5 . Indirectly . | . . . . . . . . . . . . . . Trap Hack Attempts . | . . . . . . . . . . . . . . Triggered . | . . . . . . . . . . . . . . Disarmed . | . . . . . . . . . . . . . . Reprogrammed . | . . . . . . . . . . . . . . Reused 3 | . . . . . . . . 3 . . . . . Traps Extracted . | . . . . . . . . . . . . . . Installed 8 | . . . . . . . . 8 . . . . . Triggered 3 | . . . . . . . . 3 . . . . . Most Traps Carried 4 | . . . . . . . . 4 . . . . . Machines | -11 -10 -10 -9 -9 -9 -8 -8 -8 -8 -8 -7 -7 -6 ---------- Run | Yrd Mat Min Mat Min Exi Min Mat Gar Mat Gar Fac Gar Fac Machines Disabled 18 | . . . . . . 2 2 6 1 4 . 2 1 Max in Single Turn 2 | . . . . . . 1 1 1 1 2 . 1 1 Garrison Relay 6 | . . . . . . . . 2 . 2 . 2 . Phase Generator 1 | . . . . . . . . . . 1 . . . Machines Repaired . | . . . . . . . . . . . . . . Machines Dismantled . | . . . . . . . . . . . . . . Machines Sabotaged . | . . . . . . . . . . . . . . Overloaded Fab Kills . | . . . . . . . . . . . . . . Hacking | -11 -10 -10 -9 -9 -9 -8 -8 -8 -8 -8 -7 -7 -6 --------- Run | Yrd Mat Min Mat Min Exi Min Mat Gar Mat Gar Fac Gar Fac Machines Accessed 34 | . 7 . 8 . . . 2 2 4 1 5 2 3 Terminals 23 | . 6 . 7 . . . 1 2 2 1 1 2 1 Fabricators 2 | . . . . . . . . . . . 2 . . Repair Stations 5 | . 1 . 1 . . . . . 1 . 1 . 1 Recycling Units . | . . . . . . . . . . . . . . Scanalyzers 1 | . . . . . . . . . . . . . 1 Garrison Access 3 | . . . . . . . 1 . 1 . 1 . . Total Hacks 87 | . 29 . 21 . . . 3 4 10 2 10 4 4 Successful 42 | . 14 . 9 . . . 1 2 6 . 7 1 2 Failed 43 | . 14 . 11 . . . 2 2 4 2 3 3 2 Catastrophic 7 | . . . 2 . . . 1 . 2 . . 1 1 Database Lockouts 2 | . 1 . 1 . . . . . . . . . . Manual 30 | . 13 . 12 . . . . . 4 . 1 . . Terminals 68 | . 27 . 18 . . . 2 4 7 2 3 4 1 Fabricators 3 | . . . . . . . . . . . 3 . . Repair Stations 11 | . 2 . 3 . . . . . 2 . 3 . 1 Recycling Units . | . . . . . . . . . . . . . . Scanalyzers 2 | . . . . . . . . . . . . . 2 Garrison Access 3 | . . . . . . . 1 . 1 . 1 . . Terminal Hacks 22 | . 10 . 6 . . . . 2 2 . 1 1 . Record 1 | . . . 1 . . . . . . . . . . Robot Analysis 4 | . 2 . 2 . . . . . . . . . . Prototype ID Bank 2 | . 2 . . . . . . . . . . . . Open Door 1 | . . . . . . . . . . . . 1 . Branch Access Points 3 | . 1 . 1 . . . . . . . 1 . . Emergency Access Points 2 | . . . 1 . . . . 1 . . . . . Terminal Index 1 | . . . . . . . . . 1 . . . . Unreport Threat 2 | . 1 . . . . . . . 1 . . . . Locate Traps 1 | . 1 . . . . . . . . . . . . Recall Investigation 1 | . 1 . . . . . . . . . . . . Hauler Manifests 1 | . . . 1 . . . . . . . . . . Registered Components 1 | . 1 . . . . . . . . . . . . Zone Layout 1 | . 1 . . . . . . . . . . . . Garrison Registry 1 | . . . . . . . . 1 . . . . . Fabricator Hacks 2 | . . . . . . . . . . . 2 . . Network Status 1 | . . . . . . . . . . . 1 . . Build 1 | . . . . . . . . . . . 1 . . Repair Station Hacks 8 | . 2 . 2 . . . . . 2 . 2 . . Scan Component 4 | . 1 . 1 . . . . . 1 . 1 . . Repair 4 | . 1 . 1 . . . . . 1 . 1 . . Recycling Unit Hacks . | . . . . . . . . . . . . . . Scanalyzer 2 | . . . . . . . . . . . . . 2 Insert Component 1 | . . . . . . . . . . . . . 1 Analyze 1 | . . . . . . . . . . . . . 1 Garrison Access Hacks 3 | . . . . . . . 1 . 1 . 1 . . Unlock Access 3 | . . . . . . . 1 . 1 . 1 . . Unauthorized Hacks 5 | . 2 . 1 . . . . . 1 . 1 . . Terminals 4 | . 2 . 1 . . . . . 1 . . . . Assimilate 1 | . 1 . . . . . . . . . . . . Botnet 3 | . 1 . 1 . . . . . 1 . . . . Fabricators 1 | . . . . . . . . . . . 1 . . Liberate 1 | . . . . . . . . . . . 1 . . Repair Stations . | . . . . . . . . . . . . . . Recycling Units . | . . . . . . . . . . . . . . Scanalyzers . | . . . . . . . . . . . . . . Garrison Access . | . . . . . . . . . . . . . . Data Cores Recovered 1 | . . . . . . . 1 . . . . . . Used . | . . . . . . . . . . . . . . Hacking Detections 27 | . 6 . 8 . . . 1 1 3 1 3 1 3 Full Trace Events 3 | . 2 . . . . . . . . 1 . . . Feedback Events . | . . . . . . . . . . . . . . Feedback Blocked . | . . . . . . . . . . . . . . Robot Schematics Acquired . | . . . . . . . . . . . . . . Robots Built . | . . . . . . . . . . . . . . Authchips . | . . . . . . . . . . . . . . Time . | . . . . . . . . . . . . . . Total Robot Build Rating . | . . . . . . . . . . . . . . Part Schematics Acquired . | . . . . . . . . . . . . . . Parts Built 2 | . . . . . . . . . . . 2 . . Authchips . | . . . . . . . . . . . . . . Time 117 | . . . . . . . . . . . 117 . . Total Part Build Rating 14 | . . . . . . . . . . . 14 . . Parts Repaired 4 | . 1 . 1 . . . . . 1 . 1 . . Time 103 | . 26 . 26 . . . . . 38 . 13 . . Parts Recycled . | . . . . . . . . . . . . . . Recycled Matter . | . . . . . . . . . . . . . . Retrieved Matter . | . . . . . . . . . . . . . . Retrieved Components . | . . . . . . . . . . . . . . Parts Scanalyzed 1 | . . . . . . . . . . . . . 1 Part Schematics Acquired . | . . . . . . . . . . . . . . Parts Damaged . | . . . . . . . . . . . . . . Bothacking | -11 -10 -10 -9 -9 -9 -8 -8 -8 -8 -8 -7 -7 -6 ------------ Run | Yrd Mat Min Mat Min Exi Min Mat Gar Mat Gar Fac Gar Fac Used RIF Installer 4 | . . . . . . . . 1 . 2 . 1 . Hotswap 1 | . . . . . . . . . . 1 . . . Signal Jammer 1 | . . . . . . . . . . 1 . . . Alert ID Control 1 | . . . . . . . . . . . . 1 . Robots Hacked . | . . . . . . . . . . . . . . Non-combat . | . . . . . . . . . . . . . . Combat . | . . . . . . . . . . . . . . Robot Hacks Applied . | . . . . . . . . . . . . . . Relay Couplers Released 23 | . . . . . . . . 10 . 7 . 6 . Machine Destruction 23 | . . . . . . . . 10 . 7 . 6 . Fabnet Peak Effective % . | . . . . . . . . . . . . . . Robots Rewired . | . . . . . . . . . . . . . . Allies Hacked . | . . . . . . . . . . . . . . Hacks Repelled . | . . . . . . . . . . . . . . Allies | -11 -10 -10 -9 -9 -9 -8 -8 -8 -8 -8 -7 -7 -6 -------- Run | Yrd Mat Min Mat Min Exi Min Mat Gar Mat Gar Fac Gar Fac Total Allies 4 | . . . . . . . . . . . 2 2 . Largest Group 2 | . . . . . . . . . . . 2 2 . Highest-Rated Group 70 | . . . . . . . . . . . 42 70 . Highest-Rated Ally 39 | . . . . . . . . . . . 21 39 . Total Orders . | . . . . . . . . . . . . . . Ally Attacks 27 | . . . . . . . . . . . 7 20 . Total Damage 340 | . . . . . . . . . . . 144 196 . Kills 2 | . . . . . . . . . . . . 2 . Allies Corrupted 1 | . . . . . . . . . . . 1 . . Allies Melted 1 | . . . . . . . . . . . . 1 . Intel | -11 -10 -10 -9 -9 -9 -8 -8 -8 -8 -8 -7 -7 -6 ------- Run | Yrd Mat Min Mat Min Exi Min Mat Gar Mat Gar Fac Gar Fac Robot Analysis Total 4 | . 2 . 2 . . . . . . . . . . Derelict Logs Recovered 2 | . . 2 . . . . . . . . . . . Drone Launches . | . . . . . . . . . . . . . . Drone Recoveries . | . . . . . . . . . . . . . . Exploration | -11 -10 -10 -9 -9 -9 -8 -8 -8 -8 -8 -7 -7 -6 ------------- Run | Yrd Mat Min Mat Min Exi Min Mat Gar Mat Gar Fac Gar Fac Turns Passed 11172 | 159 1040 330 1244 507 323 430 191 959 538 810 1295 1458 1888 Spaces Moved 4577 | 59 597 218 569 273 214 129 50 345 177 292 486 444 724 Core 234 | 18 . . . . . . . . . . . . 216 Treads 2558 | 41 267 . . . . 109 50 345 177 292 486 283 508 Legs 161 | . . . . . . . . . . . . 161 . Wheels 1624 | . 330 218 569 273 214 20 . . . . . . . Hover . | . . . . . . . . . . . . . . Flight . | . . . . . . . . . . . . . . Fastest Speed 50 | 50 105 105 120 150 150 150 240 240 240 240 240 240 50 Average Speed 195 | 156 129 129 154 150 150 229 240 240 240 240 240 260 204 Slowest Speed 2000 | 250 240 135 210 150 150 320 240 240 240 240 240 820 2000 Overloaded Moves . | . . . . . . . . . . . . . . Propulsion Burnouts . | . . . . . . . . . . . . . . Robots Hopped . | . . . . . . . . . . . . . . Cave-ins Triggered . | . . . . . . . . . . . . . . Exploration Rate (%) 41 | 5 78 45 57 71 63 40 4 48 22 51 14 57 22 Regions Visited 13 Branch Regions 4 Pre-discovered Areas 1 | . . . . 1 . . . . . . . . . Known Exits Taken 5 | . 1 . 1 . . . 1 . 1 . 1 . . Unknown Exits Taken 5 | 1 . 1 . 1 1 1 . . . . . . . Scrap Searched 2 | . . 1 . 1 . . . . . . . . . Spaces Dug 17 | . . . . . . . . . . 8 . 9 . Terrain Destroyed 158 | . . . 26 . . 26 . . . 81 15 10 . Melee . | . . . . . . . . . . . . . . Projectile 2 | . . . . . . 1 . . . . . 1 . AOE 156 | . . . 26 . . 25 . . . 81 15 9 . Terrain Rammed . | . . . . . . . . . . . . . . Walls Destroyed . | . . . . . . . . . . . . . . Machines Disabled . | . . . . . . . . . . . . . . Actions | -11 -10 -10 -9 -9 -9 -8 -8 -8 -8 -8 -7 -7 -6 --------- Run | Yrd Mat Min Mat Min Exi Min Mat Gar Mat Gar Fac Gar Fac Total 5787 | 90 748 242 787 317 217 182 84 434 250 340 574 600 922 Wait 292 | 2 52 6 82 3 . 1 8 3 44 2 35 22 32 Move 4567 | 58 596 217 568 272 213 128 50 344 177 291 486 443 724 Hop . | . . . . . . . . . . . . . . Pick Up 131 | 7 17 3 19 5 2 2 4 20 1 2 7 20 22 Fast Attach 47 | 5 2 . 10 1 . . 2 2 1 . 8 9 7 Attach 64 | 1 3 . 8 2 . 7 1 6 . 4 1 18 13 Detach 2 | . 1 . . . . . . . . . . 1 . Swap 52 | . 5 2 10 1 . 4 2 6 3 6 5 3 5 Drop 95 | . 11 2 12 5 2 . . 20 4 . 12 7 20 Fire 497 | 17 58 12 78 28 . 36 17 25 20 31 20 68 87 Melee . | . . . . . . . . . . . . . . Ram . | . . . . . . . . . . . . . . Kick . | . . . . . . . . . . . . . . Crush 19 | . 3 . . . . 4 . . . . . . 12 Escape Stasis 13 | . . . . . . . . . . 4 . 9 . Rewire . | . . . . . . . . . . . . . . Trap 8 | . . . . . . . . 8 . . . . . Miscellaneous . | . . . . . . . . . . . . . . Route ------- -11/Scrapyard -10/Materials (discovered 4 exits: *Mat x3 / *Min) -10/Mines -9/Materials (discovered 4 exits: *Mat x2 / *Min x2) -9/Mines (discovered 2 exits: [*Exi] / [*Zio]) -9/Exiles (discovered 2 exits: [*Min x2]) -8/Mines -8/Materials (discovered 2 exits: [*Sto] / Gar) -8/Garrison (discovered 3 exits: *Mat x3) -8/Materials -8/Garrison -7/Factory (discovered 3 exits: Low x2 / Gar) -7/Garrison (discovered 2 exits: *Fac x2) -6/Factory History --------- Turn | Location | Event 48 | -11/Scrapyard | Discovered new exit (range 15) 160 | -11/Scrapyard | Entered Materials 231 | -10/Materials | Discovered new exit (range 12) 308 | -10/Materials | Build established: Mutant 829 | -10/Materials | Discovered new exit (range 8) 953 | -10/Materials | Identified exit to Mines 965 | -10/Materials | Discovered new exit (range 8) 972 | -10/Materials | Central database locked down 1165 | -10/Materials | Repaired Lgt. Treads 1200 | -10/Materials | Entered Mines 1265 | -10/Mines | Received a Rocket Launcher from a helpful Derelict 1291 | -10/Mines | Learned 2 Materials zone layouts 1334 | -10/Mines | Learned Materials terminal intel 1523 | -10/Mines | Assembled infested the area 1523 | -10/Mines | Discovered new exit (range 6) 1528 | -10/Mines | Core integrity fell below 50% 1530 | -10/Mines | Entered Materials 1530 | -9/Materials | Evolved 2 slots: Propulsion x1, Utility x1 1532 | -9/Materials | Loaded intel: 12 terminal locations 1914 | -9/Materials | Lost 4 parts (2n1u1w) 2013 | -9/Materials | Discovered new exit (range 12) 2128 | -9/Materials | Discovered new exit (range 15) 2134 | -9/Materials | Identified exit to Mines 2338 | -9/Materials | Repaired Lgt. Treads 2569 | -9/Materials | Central database locked down 2582 | -9/Materials | Discovered new exit (range 5) 2774 | -9/Materials | Entered Mines 2935 | -9/Mines | Core integrity fell below 50% 3079 | -9/Mines | A Derelict revealed a hidden shortcut to a safe place 3120 | -9/Mines | Learned location of Storage (-8) 3224 | -9/Mines | Found DCF Scrap (13 items) 3275 | -9/Mines | Deemed a non-threat by the Exiles lab entrance 3275 | -9/Mines | Discovered new exit (range 5) 3281 | -9/Mines | Entered Exiles 3310 | -9/Exiles | Discovered new exit (range 15) 3325 | -9/Exiles | Met 8R-AWN 3349 | -9/Exiles | Met EX-HEX 3442 | -9/Exiles | Met EX-DEC 3490 | -9/Exiles | Met EX-BIN 3581 | -9/Exiles | Discovered new exit (range 14) 3604 | -9/Exiles | Entered Mines 3959 | -8/Mines | Build established: Scavenger-Mutant 3965 | -8/Mines | Lost 4 parts (1p1n2u) 3972 | -8/Mines | Discovered new exit (range 13) 4034 | -8/Mines | Entered Materials 4034 | -8/Materials | Evolved 2 slots: Utility x1, Weapon x1 4117 | -8/Materials | Discovered new exit (range 16) 4159 | -8/Materials | Garrison activated, responded to threat 4225 | -8/Materials | Identified exit to Garrison 4225 | -8/Materials | Entered Garrison 4589 | -8/Garrison | Triggered checkpoint 4637 | -8/Garrison | Discovered new exit (range 58) 4637 | -8/Garrison | Discovered new exit (range 78) 4637 | -8/Garrison | Discovered new exit (range 63) 4656 | -8/Garrison | Garrison Relay disabled 4747 | -8/Garrison | Triggered checkpoint 4781 | -8/Garrison | Build established: Scavenger-Gunner 4790 | -8/Garrison | Lost 3 parts (2n1u) 4855 | -8/Garrison | Triggered checkpoint 5045 | -8/Garrison | Installed Relay Interface Framework 5061 | -8/Garrison | Garrison Relay disabled 5184 | -8/Garrison | Entered Materials 5186 | -8/Materials | Build established: Scavenger-Tank 5567 | -8/Materials | Repaired Minigun 5589 | -8/Materials | Garrison activated, responded to threat 5722 | -8/Materials | Identified exit to Garrison 5722 | -8/Materials | Entered Garrison 5806 | -8/Garrison | Expanded RIF knowledge: Signal Jamming 5942 | -8/Garrison | Triggered checkpoint 5972 | -8/Garrison | Garrison Relay disabled 6126 | -8/Garrison | Expanded RIF knowledge: Hotswap 6154 | -8/Garrison | Phase Generator disabled 6264 | -8/Garrison | Triggered checkpoint 6348 | -8/Garrison | Garrison Relay disabled 6384 | -8/Garrison | Triggered checkpoint 6455 | -8/Garrison | Discovered new exit (range 14) 6460 | -8/Garrison | Lost 3 parts (2n1u) 6532 | -8/Garrison | Entered Factory 6532 | -7/Factory | Evolved 2 slots: Propulsion x1, Utility x1 6771 | -7/Factory | Fabricated Quantum Capacitor? 7295 | -7/Factory | Identified exit to Lower Caves 7364 | -7/Factory | Build established: Gunner 7552 | -7/Factory | Repaired Lgt. Treads 7827 | -7/Factory | Identified exit to Garrison 7827 | -7/Factory | Entered Garrison 7935 | -7/Garrison | Triggered checkpoint 7981 | -7/Garrison | Garrison Relay disabled 8083 | -7/Garrison | Triggered checkpoint 8164 | -7/Garrison | Lost 12 parts (2p4n3u3w) 8201 | -7/Garrison | Destroyed 11 combat bots 8395 | -7/Garrison | Triggered checkpoint 8520 | -7/Garrison | Garrison Relay disabled 8547 | -7/Garrison | Build established: Scavenger-Mutant 8552 | -7/Garrison | Rescued a captive Derelict 8562 | -7/Garrison | Rescued a captive Derelict 8652 | -7/Garrison | Discovered new exit (range 12) 8769 | -7/Garrison | Triggered checkpoint 8867 | -7/Garrison | Discovered new exit (range 10) 8917 | -7/Garrison | Triggered checkpoint 8981 | -7/Garrison | Lost 3 parts (1n1u1w) 9206 | -7/Garrison | Expanded RIF knowledge: Alert ID Control 9251 | -7/Garrison | Build established: Scavenger-Gunner 9285 | -7/Garrison | Entered Factory 9285 | -6/Factory | Evolved 2 slots: Power x1, Utility x1 9586 | -6/Factory | Build established: Scavenger-Tank 10335 | -6/Factory | First assault squad dispatched 10538 | -6/Factory | Lost 7 parts (1p3n2u1w) 11035 | -6/Factory | Released all parts (8) 11130 | -6/Factory | Core integrity fell below 50% 11146 | -6/Factory | Released all parts (2) 11153 | -6/Factory | Core integrity fell below 20% 11173 | -6/Factory | Destroyed by S-27 Virus with Autogun Last Messages --------------- 11139_ K-01 Serf collects debris. 11139_ Slammed into S-27 Virus. 11140_ Fission Core destroyed. 11143_ Slammed into S-27 Virus. 11143_ K-01 Serf collects debris. 11144_ Imp. Medium Treads destroyed. 11146_ Released Imp. Signal Interpreter. 11146_ Released Huge Storage Unit. 11146_ Acquired Huge Storage Unit. 11147_ K-01 Serf collects debris. 11152_ T-07 Excavator destroyed. 11157_ O-16 Technician: "IFF HANDSHAKE FAILED. SECURING TERMINAL." 11158_ ALERT: Hostiles spotted, dispatching reinforcements to Terminal F022. 11160_ Acquired Imp. Medium Treads. 11163_ System corrupted: Matter fused (-9). 11166_ W-25 Informer sends out distress signal. 11166_ Acquired Imp. Medium Treads. 11170_ K-01 Serf cleans the Terminal. Map ----- +----------------------------------------------------+ | ?????????????????????????????????????????????????? | | ?????????????????????????????????????????????????? | | ?????????????????????????????????????????????????? | | ??????????????????????????? ???????????????????? | | ??????????????????????????? ???????????????????? | | ??????????????????????????? #??????????????????? | | ???????????????#???###?###? #??????????????????? | | ??????????????? ??? ? ? #??????????????????? | | ??????????????? ?? ? ? #??????????????????? | | ??????????????? ?? ? #??????????????????? | | ???????????? ?"" ?"" """ """ #??????????????????? | | ???????????" """ """ """ """ #??????????????????? | | ?????????""" """ """ """ """ ###????????????????? | | ????????? ""#????????????????? | | ?????#? """ """ """^""" """ T"#????????????????? | | ?????# """ """ """ """ """ ""#????????????????? | | ?????# """ """ """ """ """ #??????????????????? | | ?????# #??????????????????? | | ?????# #??????????????????? | | ?????# #??????????????????? | | ?????# ! #??????????????????? | | ?????###+###### #??????????????????? | | ??????????????# #??????????????????? | | ??????????????# #??????????????????? | | ??????????????# ###+####+#####???????????????? | | ??????????????## ## s@ s #???????????????? | | ???????????????# ## #???????????????? | | ???????????????# ## """ """ #???????????????? | | ????????####???# ## """ """ #???????????????? | | ???????? ??# ## """ """ #???????????????? | | ??????# """"??# ## #???????????????? | | ??????# """""?# ## """ """ !#???????????????? | | ??????# """ ?# ## """ """ #???????????????? | | ??????# # #? """ "?" #?????########### | | ??????# !! # #??? ? #?????# | | ??????# /! + #???? ? #?????# | | ??????# # !#???? ? #?????# | | ??????# ! # |%###############?????# | | ??????########?# !# #?????????# //! | | ???###########?# # #?????????# /! | | ??? ! # #? #?????????# /! | | ??? ! # #??? ???????????# | | ????"" + #???##+##???????????# | | ?????? ""T"" #%= ##### #???????????? | | ????"" """"" # #????#####????? | | ?# + ##### #????# #??????? ? | | ????????#########+#######+#####?# ##########+### | | ?????????????# # #?# # | | ?????????????# !!! # """ #??# | | ?????????????# ! !!! # """ #??# """ | +----------------------------------------------------+ Best States ------------- Heat Dissipation 89 Coolant Potential 50 Energy Generation 32 Energy Capacity 550 Matter Stores 300 Matter Capacity 300 Sight Range 16 Terrain Scan Density 10 Armor Coverage 450 Resistance: TH 20 Core Shielding 20 Evasion (%) 50 Targeting Accuracy 8 Recoil Reduction 4 Energy Filtering 30 Offensive Hacking 10 Defensive Hacking 10 Item Schematics ----------------- None Robot Schematics ------------------ None Fabricated ------------ Quantum Capacitor | x2 | -7/Factory | Preloaded Alien Tech Used ----------------- None Achievements -------------- None Challenges ------------ None Game ------ Seed TachyonMinesnifferWartreads Manual? 0 Play Time 01:18:52 Cumulative 86.0 hours Start 2024.09.03 @ 12:17:44 End 2024.09.03 @ 13:50:35 Sessions 1 Manual Loads 0 Difficulty Rogue Special Mode None Game No. 47 Rogue 47 Adventurer 0 Explorer 0 Win Type - Total 3 Types 1/0/0/2/0/0/0/0/0 Lore% 46 Gallery% 61 Achievement% 53 Wizard Run 0 Options --------- Layout 1 ASCII 0 Keyboard 0 Movement Numpad Keybinds 0 Fullscreen 1 Font 32/Tamsyn Map View 50x40 Zoom Use 0% Tactical HUD 1 Map Filters NONE Filters NONE Steam 1 RUN: 2716e532-06cb-46f6-ba3a-c59fa5bc4119